Map: Thunderbird LE

Players

Lambo - Winner!

  • Race: Zerg Zerg
  • Spawn Location: 5:00

DnS

  • Race: Protoss Protoss
  • Spawn Location: 11:00

Event: 2019 WCS Summer

VOD

Have the link to the VOD?

Description

Time

  • Played on: July 12, 2019, 1:44 p.m.
  • Length: 13:59

All games in this series

Show
View Real Time Build Order
Export as new Build Order

Lambo Zerg - Winner!

Build Orders: Hatch First, Brood Lord Corruptor, Swarm Host 

Get SALT Encoding   

  12  0:00  Drone  
  13  0:13  Overlord  
  13  0:17  Drone  
  14  0:31  Drone  
  14  0:32  Drone  
  16  0:47  Hatchery  
  15  0:50  Drone  
  15  0:54  Drone  
  17  0:58  Drone  
  18  1:08  Extractor  
  17  1:12  Spawning Pool  
  17  1:18  Drone  
  17  1:21  Drone  
  18  1:29  Drone  
  19  1:41  Drone  
  20  1:52  Overlord  
  20  2:01  Queen x2  
  20  2:02  Zergling x4  
  26  2:12  Drone  
  26  2:13  Drone  
  28  2:21  Drone  
  30  2:22  Drone  
  30  2:24  Metabolic Boost  
  30  2:32  Drone  
  32  2:37  Drone  
  32  2:39  Hatchery  
  32  2:43  Drone  
  32  2:47  Overlord  
  32  2:53  Queen  
  32  2:56  Drone  
  35  3:03  Drone  
  36  3:09  Drone x2  
  36  3:12  Drone x2  
  40  3:13  Drone  
  40  3:14  Overlord  
  40  3:15  Drone  
  40  3:19  Drone x2  
  44  3:26  Spore Crawler x2  
  42  3:29  Drone x2  
  42  3:33  Queen  
  46  3:37  Overlord  
  46  3:41  Drone x2  
  46  3:44  Drone  
  46  3:47  Overlord  
  49  3:53  Queen, Spore Crawler  
  49  3:55  Drone  
  51  3:56  Drone  
  51  3:59  Drone x2  
  54  4:03  Drone  
  54  4:06  Drone x2  
  57  4:10  Overlord  
  57  4:11  Drone x2  
  57  4:12  Drone  
  60  4:18  Drone x3  
  60  4:20  Drone  
  60  4:21  Drone  
  65  4:27  Drone, Extractor x2  
  65  4:29  Drone, Roach Warren  
  64  4:34  Drone x2  
  64  4:36  Lair  
  66  4:41  Overlord  
  66  4:44  Drone x6  
  72  4:48  Drone  
  72  4:52  Overlord  
  71  4:53  Drone x3  
  71  4:55  Evolution Chamber  
  71  4:56  Drone  
  74  5:00  Extractor  
  74  5:01  Extractor, Overlord  
  74  5:05  Drone x2  
  74  5:12  Drone x4  
  74  5:13  Extractor  
  76  5:14  Zergling x2  
  76  5:17  Zergling x2  
  76  5:19  Hatchery  
  77  5:26  Zergling x2  
  76  5:32  Drone x3  
  76  5:33  Roach x4  
  86  5:38  Roach  
  88  5:44  Glial Reconstitution, Roach  
  88  5:45  Roach x3  
  96  5:50  Zerg Missile Weapons Level 1  
  96  5:56  Overlord  
  96  5:57  Overlord  
  96  5:58  Overlord  
  96  6:00  Overlord  
  96  6:01  Overlord  
  96  6:07  Overlord  
  96  6:10  Overlord  
  96  6:14  Roach  
  96  6:15  Overlord  
  96  6:16  Overlord  
  98  6:21  Roach x7  
  112  6:31  Roach x6  
  124  6:34  Infestation Pit  
  123  6:47  Overlord  
  123  6:49  Overseer, Overlord  
  123  6:56  Overlord  
  123  6:57  Nydus Network  
  123  6:58  Roach x10  
  141  7:06  Roach x4  
  133  7:16  Queen  
  135  7:24  Swarm Host x6  
  135  7:27  Ravager  
  154  7:31  Ravager  
  154  7:32  Swarm Host x3  
  154  7:35  Swarm Host  
  167  7:43  Nydus Canal, Swarm Host  
  167  7:44  Swarm Host  
  173  7:55  Swarm Host x2  
  173  7:57  Overlord  
  173  7:58  Overlord  
  178  8:00  Overlord  
  172  8:07  Overlord  
  172  8:08  Roach x9  
  170  8:14  Nydus Canal  
  170  8:21  Roach x6  
  179  8:27  Overlord  
  179  8:32  Overlord  
  179  8:37  Swarm Host x2  
  179  8:38  Swarm Host  
  188  8:52  Overlord  
  188  8:54  Queen x2  
  191  9:05  Nydus Canal, Overlord  
  191  9:10  Extractor  
  191  9:14  Extractor  
  189  9:24  Drone x6  
  185  9:29  Queen  
  190  9:33  Ravager  
  191  9:41  Roach x9  
  197  9:56  Hive  
  197  9:58  Spire  
  200  10:05  Ravager x6  
  200  10:06  Ravager  
  198  10:14  Ravager  
  199  10:31  Queen  
  199  10:33  Zergling x2, Spore Crawler  
  199  10:34  Zergling x4  
  199  10:37  Nydus Canal  
  199  10:43  Drone  
  199  10:46  Evolution Chamber  
  199  10:47  Overseer  
  199  10:53  Nydus Canal  
  199  10:58  Roach  
  197  11:08  Roach  
  199  11:20  Nydus Canal  
  199  11:22  Greater Spire  
  199  11:33  Hatchery  
  199  11:39  Nydus Canal  
  198  12:03  Corruptor, Spore Crawler  
  196  12:15  Corruptor x5  
  197  12:25  Corruptor  
  194  13:11  Brood Lord  
  194  13:12  Brood Lord x6  
  195  13:24  Corruptor x3  
  195  13:25  Corruptor  
  179  13:27  Roach x9  
  186  13:34  Overseer  
  169  13:50  Nydus Network  
Show
View Real Time Build Order
Export as new Build Order

DnS Protoss 

Build Orders: 1 Gate Expand, Oracle Opening, Archon Immortal, Archon Drop 

Get SALT Encoding   

  12  0:00  Probe  
  13  0:12  Probe  
  14  0:17  Pylon  
  14  0:24  Probe  
  15  0:32  Probe  
  15  0:39  Gateway  
  15  0:40  Probe  
  16  0:46  Assimilator  
  17  0:51  Probe  
  18  1:03  Probe  
  19  1:15  Probe  
  20  1:23  Nexus  
  20  1:34  Cybernetics Core  
  20  1:36  Probe  
  21  1:45  Assimilator  
  21  1:48  Probe  
  21  1:52  Pylon  
  22  2:00  Probe, Adept  
  23  2:12  Probe  
  23  2:14  Stargate  
  26  2:23  Probe  
  26  2:27  Warp Gate  
  27  2:31  Probe x2  
  27  2:33  Stalker  
  31  2:39  Probe  
  31  2:40  Probe  
  32  2:51  Probe x2  
  33  2:54  Oracle  
  35  3:03  Probe x2  
  40  3:15  Probe  
  40  3:17  Probe  
  42  3:20  Pylon  
  42  3:23  Assimilator  
  42  3:27  Probe  
  42  3:28  Oracle  
  42  3:29  Probe  
  44  3:38  Gateway  
  44  3:39  Probe  
  44  3:41  Probe  
  49  3:46  Assimilator  
  49  3:51  Probe  
  49  3:53  Probe, Nexus  
  51  4:02  Robotics Facility  
  51  4:03  Probe  
  51  4:08  Probe  
  53  4:15  Probe, Twilight Council  
  54  4:19  Pylon  
  54  4:24  Pylon  
  54  4:25  Pylon  
  54  4:37  Probe x2  
  56  4:39  Adept  
  56  4:40  Warp Prism  
  58  4:49  Probe  
  58  4:54  Charge, Gateway x2  
  58  4:58  Probe  
  59  5:00  Templar Archives  
  59  5:01  Adept  
  59  5:05  Probe  
  59  5:06  Probe  
  63  5:15  Gateway  
  63  5:16  Gateway  
  63  5:26  Probe x2  
  63  5:27  Gateway  
  63  5:29  Gateway  
  63  5:31  Probe  
  63  5:35  Observer  
  63  5:38  Probe x2  
  65  5:43  Probe  
  65  5:47  Forge, High Templar x2  
  65  5:48  High Templar x2  
  74  5:50  Probe  
  74  5:51  Probe  
  74  5:52  Archon x2, Pylon  
  74  5:55  Probe  
  77  6:00  Immortal  
  77  6:03  Probe  
  78  6:05  Probe  
  78  6:10  Probe  
  84  6:13  Pylon  
  84  6:15  Probe  
  85  6:23  Probe x2  
  87  6:29  Immortal  
  87  6:30  Zealot x7  
  98  6:33  Pylon x2  
  98  6:34  Assimilator  
  98  6:35  Assimilator  
  98  6:38  Pylon  
  102  6:50  Zealot  
  102  6:51  Zealot x2  
  102  6:52  Zealot x4  
  116  6:55  Immortal  
  116  6:57  Zealot  
  116  7:00  Probe  
  117  7:04  Probe x2  
  107  7:13  Probe, High Templar x4  
  112  7:16  Probe  
  112  7:18  Archon x2  
  112  7:21  Shield Battery, Immortal  
  112  7:22  Pylon  
  113  7:25  Pylon  
  113  7:26  Sentry x3  
  113  7:27  Zealot  
  113  7:28  Shield Battery  
  119  7:30  Pylon  
  123  7:46  Zealot x4  
  131  7:51  Sentry, Zealot x3  
  133  8:00  Immortal  
  133  8:03  Protoss Ground Weapons Level 1  
  125  8:14  Zealot  
  125  8:15  Zealot x7  
  138  8:26  Probe x3  
  128  8:29  Warp Prism  
  115  8:38  Probe  
  115  8:39  High Templar  
  115  8:40  Zealot x4, High Templar x3  
  124  8:43  Archon  
  124  8:44  Archon  
  124  8:52  Probe  
  124  8:53  Photon Cannon, Probe x2  
  120  8:57  Immortal  
  120  9:01  Zealot x3  
  130  9:13  High Templar x2  
  131  9:18  Archon  
  127  9:27  Nexus  
  118  9:48  Zealot x4  
  118  9:52  Zealot x4  
  134  10:13  Protoss Ground Weapons Level 2  
  126  10:14  Probe x2  
  126  10:21  Nexus  
  128  10:22  Pylon x2  
  128  10:23  Pylon  
  128  10:30  Pylon  
  128  10:40  Probe x2  
  128  10:41  Assimilator  
  130  10:50  High Templar x2  
  130  10:51  High Templar x3  
  130  10:52  High Templar  
  130  10:55  Archon x2  
  130  10:56  Archon  
  140  10:58  Immortal  
  140  11:01  Zealot x2  
  122  11:25  Zealot x4, High Templar x2  
  124  11:26  Zealot x2  
  124  11:30  Archon  
  131  12:03  High Templar x2  
  131  12:06  Nexus  
  135  12:09  High Templar, Archon  
  135  12:10  High Templar  
  135  12:15  Archon  
  139  12:21  Zealot x4, Robotics Facility  
  147  12:29  Pylon  
  147  12:37  Assimilator  
  147  12:44  Assimilator  
  147  12:58  Zealot x7  
  153  12:59  Nexus  
  123  13:27  High Templar x3  
  123  13:28  Zealot x2, High Templar  
  123  13:29  Zealot  
  123  13:33  Archon x2  
Tags
 
Add a new tag
Caveats
  • Supply blocks, unpowered buildings, or Contaminate may cause inaccurate times.
  • Supply counts are checked every 10 seconds.